 Dungeon Crawl Stone Soup version 0.31.0-12-g77e489cdc1 (webtiles) character file.

Game seed: 9208621819680504929

546 Gadfly the Covered (level 7, -2/58 HPs)
             Began as an Armataur Fighter on Feb 29, 2024.
             Slain by Pikel
             ... wielding a +2 whip of electrocution
              (19 damage)
             ... on level 7 of the Dungeon.
             The game lasted 00:05:14 (3432 turns).

Gadfly the Covered (Armataur Fighter)               Turns: 3432, Time: 00:05:15

Health: -2/58      AC: 10    Str: 21    XL:     7   Next: 6%
Magic:  9/9        EV:  4    Int:  8    God:
Gold:   185        SH:  6    Dex: 12    Spells: 6/6 levels left

rFire   + . .        a - +0 flail (heavy)
rCold   . . .        c - +1 buckler
rNeg    . . .        m - +0 plate armour
rPois   .            (no helmet)
rElec   .            h - scarf {repulsion}
rCorr   .            (no gloves)
SInv    .            (no barding)
Will    .....        (no amulet) Stlth
                     e - ring of protection from fire
HPRegen 1.59/turn    (no ring)
MPRegen 0.77/turn

%: repel missiles, roll
@: no status effects
A: large, deformed body, tough skin 3, armoured tail, roll 2
a: no special abilities


You were on level 7 of the Dungeon.
You visited 1 branch of the dungeon, and saw 5 of its levels.

You collected 185 gold pieces.

Inventory:

Hand Weapons
 a - a +0 heavy flail (weapon)
 b - a +1 short sword of venom
Armour
 c - a +1 buckler (worn)
 h - a scarf of repulsion (worn)
 m - a +0 plate armour (worn)
Jewellery
 e - a ring of protection from fire (left hand)
Scrolls
 p - a scroll of teleportation
Potions
 d - 2 potions of might
 f - a potion of cancellation
 g - a potion of berserk rage
 i - 2 potions of attraction
 j - a potion of curing {unknown}
 k - a potion of haste {unknown}
 l - 2 potions of heal wounds
 o - a potion of lignification


   Skills:
 + Level 3.6 Fighting
 * Level 3.6 Maces & Flails
 + Level 4.7 Armour
 + Level 4.2 Shields
 * Level 3.2 Invocations
 * Level 3.0 Evocations


You had 6 spell levels left.
You didn't know any spells.
Your spell library contained the following spells:

 Spells                   Type           Power      Damage    Failure   Level
 Apportation              Tloc           0%         N/A       100%        1
 Necrotise                Necr           0%         1d4       100%        1
 Sting                    Conj/Alch      0%         1d3       100%        1
 Summon Small Mammal      Summ           0%         N/A       100%        1
 Summon Forest            Summ/Tloc      0%         N/A       100%        5
 Eringya's Noxious Bog    Alch           0%         4d6       100%        6
 Summon Hydra             Summ           0%         N/A       100%        7


Dungeon Overview and Level Annotations

Branches:
Dungeon (4/15)
 Temple: D:4-7

Altars:
Kikubaaqudgha
Sif Muna

Annotations:
D:7 Pikel


Innate Abilities, Weirdness & Mutations

Armour fits poorly on your strangely shaped body.
You have extremely tough skin. (AC +3)
You have a long armoured tail.
You regenerate magic and health when rolling toward enemies. (Rampage Regen)


Message History

Pikel hits you but does no damage.
You closely miss Pikel.
Pikel is severely wounded.
Pikel hits you with a +2 whip of electrocution.
You are electrocuted!
Pikel hits you with a +2 whip of electrocution!
You barely miss Pikel.
Pikel is severely wounded.
Pikel hits you with a +2 whip of electrocution.
You are electrocuted!
Pikel cracks his whip.
You block Pikel's attack.
You are too injured to fight recklessly!
You are too injured to fight recklessly!
You are too injured to fight recklessly!
You are too injured to fight recklessly!
You are too injured to fight recklessly!
You are too injured to fight recklessly!
You are too injured to fight recklessly!
You are too injured to fight recklessly!
You are too injured to fight recklessly!
You are too injured to fight recklessly!
You are too injured to fight recklessly!
You are too injured to fight recklessly!
You are too injured to fight recklessly!
You are too injured to fight recklessly!
You are too injured to fight recklessly!
You are too injured to fight recklessly!
You are too injured to fight recklessly!
You are too injured to fight recklessly!
You are too injured to fight recklessly!
Unknown command.
You hit Pikel.
Pikel is almost dead.
You block Pikel's attack.
Pikel hits you with a +2 whip of electrocution.
* * * LOW HITPOINT WARNING * * *
You are electrocuted!!
You die...
Pikel says, "Another soul for the market."

#5############
#555K@.......#
############.#
#.# #.# #.#
##.# #..# #.##
#.#


You could see Pikel and 4 lemures.

Vanquished Creatures
  2 ice beasts
  A phantom (D:7)
  2 vampire bats (D:3)
  A sleepcap (D:7)
  Terence (D:2)
  4 adders
  A shadow imp (D:7)
  A white imp (D:7)
  3 dart slugs
  A ribbon worm (D:3)
  6 orcs (D:3)
  10 ball pythons
  12 bats
  A bat skeleton (D:3)
  4 bat zombies (D:3)
  7 endoplasms
  5 giant cockroaches
  3 goblins
  6 hobgoblins
  2 jackals (D:3)
  2 kobolds
  3 quokkas
  4 frilled lizards
  2 rats
84 creatures vanquished.

Notes
Turn   | Place    | Note
-------+----------+-------------------------------------------
     0 | D:1      | Gadfly the Armataur Fighter began the quest for the Orb.
     0 | D:1      | Reached XP level 1. HP: 18/18 MP: 1/1
   226 | D:1      | Reached XP level 2. HP: 25/25 MP: 2/2
   502 | D:1      | Reached skill level 1 in Invocations
   551 | D:1      | Reached skill level 1 in Evocations
   658 | D:1      | Reached XP level 3. HP: 30/30 MP: 3/3
  1238 | D:2      | Found a faded altar of an unknown god.
  1241 | D:2      | Noticed Terence
  1247 | D:2      | Killed Terence
  1248 | D:2      | Reached XP level 4. HP: 24/37 MP: 3/5
  1557 | D:3      | Found a shimmering blue altar of Sif Muna.
  2069 | D:3      | Reached XP level 5. HP: 45/45 MP: 6/6
  2295 | D:3      | Found an ancient bone altar of Kikubaaqudgha.
  3054 | D:4      | Noticed an ice beast
  3063 | D:4      | Killed an ice beast
  3064 | D:4      | Reached XP level 6. HP: 37/51 MP: 6/8
  3156 | D:4      | You fall into a shaft and drop 3 floors!
  3169 | D:7      | Noticed an ice beast
  3178 | D:7      | Killed an ice beast
  3262 | D:7      | Gained mutation: You regenerate magic and health when
                  | rolling toward enemies. (Rampage Regen) [Armataur growth]
  3262 | D:7      | Reached XP level 7. HP: 30/57 MP: 9/9
  3423 | D:7      | Noticed Pikel
  3432 | D:7      | Slain by Pikel

Illustrated notes

Levels and vault maps discovered:
D:1:      dpeg_arrival_rooms_with_view, layout_loops_corners,
          minmay_pentomino_u2
D:2:      layout_rooms, shapermc_ecumenical_altar_mp_highgroup, minivault_19,
          amcnicky_mini_pool_small, chequers_serial_rivers_micro_d, uniq_terence
D:3:      layout_loops_ring, led_sif_book, kennysheep_vampire_church
D:4:      layout_basic, minmay_temple_entry_wispy
D:7:      layout_loops_ring, uniq_pikel

Skill      XL: |  1  2  3  4  5  6 |
---------------+-------------------+-----
Maces & Flails | 2 3 |  3.6
Invocations    | 1 2 3 |  3.2
Evocations     | 1 2 3 |  3.0
Fighting       | 3 |  3.6
Armour         | 4 |  4.7
Shields        | 4 |  4.2

Action                     |  1- 3 |  4- 6 |  7- 9 || total
---------------------------+-------+-------+-------++-------
  Melee: Flail             |   114 |   194 |    12 ||   320
         Tailslap          |     8 |    13 |     1 ||    22
    Use: Scroll            |     4 |     5 |     1 ||    10
         Potion            |     1 |     3 |       ||     4
 Armour: Scale mail        |    94 |     1 |       ||    95
         Chain mail        |       |    94 |       ||    94
         Plate armour      |       |   128 |    14 ||   142
  Dodge: Dodged            |    48 |    52 |     2 ||   102
         Repelled          |       |     1 |       ||     1
  Block: Buckler           |    25 |    93 |     4 ||   122
